AoeStats
← Dragonhell0106

Hideout

510223547Analyzed
1v1 RM · 1d ago on Sep 30, 2026· 51m 4s· 2 players
Game mode
Random Map
Map size
Tiny (2 player)
Population
200
Speed
Normal
Resources
Standard
Victory
Conquest
Starting age
Dark Age
Ending age
Imperial Age
RankedLock teamsTeams togetherTeam positionsShared explorationLock speedFull tech treeHidden civsTurbo modeCheats
Victory
Defeat
🇦🇷 Tupi · Argentina
725
+14
🇨🇴 Turks · Colombia
684
-14
chacotorres1990
1:29 Loom
10:31 Feudal Age
16:34 Castle Age
15:48 Horse Collar
15:57 Double-Bit Axe
19:29 Bow Saw
18:59 Horse Collar
20:02 Stone Mining
25:45 Fletching
29:16 Gold Mining
30:49 Ballistics
30:25 Murder Holes
32:22 Treadmill Crane
34:01 Gold Shaft Mining
39:39 Imperial Age
37:45 Wheelbarrow
39:16 Heavy Plow
46:13 Imperial Age
43:40 Champi Runner
44:38 Champi Warrior
47:17 Elite Champi Warrior
49:45 Wheelbarrow
Dragonhell0106
7:54 Loom
11:01 Feudal Age
16:39 Castle Age
15:53 Stone Mining
26:18 Gold Mining
28:15 Gold Shaft Mining
27:39 Double-Bit Axe
32:35 Imperial Age
31:01 Fletching
Connection lost

Rejoining the realm…

Still unreachable

The connection could not be restored.

Session expired

The server has moved on; the page needs a fresh start.